Map: Blackburn LE

Players

Throwfordays

  • Race: Protoss Protoss
  • League: Silver

Birdiebird - Winner!

  • Race: Protoss Protoss
  • League: Silver

VOD

Have the link to the VOD?

Description

Time

  • Played on: Aug. 27, 2021, 12:22 a.m.
  • Length: 8:46
Show
View Real Time Build Order
Export as new Build Order

Throwfordays Protoss 

Build Orders:  

Get SALT Encoding   

  12  0:01  Probe  
  13  0:13  Probe  
  14  0:20  Pylon  
  14  0:27  Probe (Chrono Boost)  
  15  0:39  Probe (Chrono Boost)  
  16  0:44  Gateway, Probe (Chrono Boost)  
  17  1:15  Probe  
  17  1:17  Assimilator  
  18  1:27  Probe  
  19  1:39  Probe  
  20  1:41  Cybernetics Core  
  20  1:50  Assimilator  
  20  1:51  Probe  
  21  2:03  Probe  
  22  2:15  Probe  
  23  2:30  Stargate  
  23  2:36  Nexus  
  23  2:42  Assimilator  
  23  2:47  Assimilator  
  23  2:53  Pylon  
  23  3:00  Pylon  
  23  3:11  Probe  
  24  3:19  Void Ray (Chrono Boost)  
  24  3:23  Probe  
  24  3:25  Warp Gate  
  29  3:35  Probe  
  30  3:48  Probe  
  31  3:49  Void Ray (Chrono Boost)  
  31  3:50  Probe  
  36  4:02  Probe  
  37  4:13  Void Ray (Chrono Boost)  
  37  4:14  Probe  
  38  4:19  Probe  
  43  4:26  Probe  
  44  4:31  Probe  
  46  4:38  Probe  
  46  4:43  Void Ray, Probe  
  47  4:50  Probe  
  47  4:52  Stargate  
  52  4:59  Probe  
  53  5:10  Probe  
  54  5:16  Pylon, Protoss Air Weapons Level 1 (Chrono Boost)  
  54  5:17  Pylon  
  54  5:27  Pylon  
  54  5:28  Void Ray  
  54  5:30  Void Ray  
  54  5:34  Probe x2  
  60  5:39  Adept  
  66  5:46  Probe  
  66  5:48  Probe  
  68  5:58  Probe  
  68  6:00  Probe  
  68  6:03  Pylon  
  70  6:10  Probe  
  71  6:33  Pylon  
  56  6:40  Forge x2  
  46  6:54  Pylon  
  39  7:19  Photon Cannon  
  39  7:21  Photon Cannon  
  39  7:24  Pylon  
  39  7:25  Pylon  
  39  7:28  Photon Cannon  
  38  7:39  Pylon  
  34  8:27  Probe (Chrono Boost)  
  35  8:37  Probe (Chrono Boost)  
Show
View Real Time Build Order
Export as new Build Order

Birdiebird Protoss - Winner!

Build Orders: 1 Gate Expand 

Get SALT Encoding   

  12  0:00  Probe  
  13  0:12  Probe  
  14  0:19  Pylon  
  14  0:25  Probe  
  15  0:38  Gateway  
  15  0:40  Probe  
  16  0:52  Probe  
  17  1:04  Pylon  
  17  1:08  Probe  
  17  1:09  Pylon  
  18  1:28  Nexus  
  18  1:35  Zealot  
  18  1:38  Probe  
  21  1:52  Assimilator  
  21  1:54  Assimilator  
  21  1:58  Probe  
  22  2:18  Cybernetics Core  
  22  2:23  Probe  
  23  2:35  Probe (Chrono Boost)  
  24  2:41  Probe (Chrono Boost)  
  25  2:48  Probe (Chrono Boost)  
  27  2:52  Probe (Chrono Boost)  
  27  2:55  Twilight Council  
  27  2:58  Probe x2 (Chrono Boost)  
  27  2:59  Warp Gate  
  29  3:10  Probe x2  
  31  3:22  Probe x2  
  31  3:24  Pylon  
  33  3:33  Assimilator  
  33  3:41  Templar Archives  
  33  3:47  Pylon, Probe x2  
  35  3:59  Probe x2  
  37  4:10  Gateway  
  37  4:11  Probe x2  
  37  4:12  Gateway  
  37  4:13  Gateway x2  
  39  4:22  Dark Shrine  
  39  4:27  Probe  
  39  4:28  Robotics Facility, Probe  
  41  4:34  Assimilator  
  41  4:39  Probe  
  41  4:40  Probe  
  43  4:47  Forge  
  43  4:52  Probe x2  
  45  5:04  Probe x2  
  45  5:06  Pylon  
  47  5:15  Warp Prism (Chrono Boost)  
  47  5:18  Pylon  
  47  5:20  Pylon  
  49  5:23  Pylon  
  49  5:36  Shadow Stride  
  49  6:21  Dark Templar x4  
  49  6:22  Dark Templar  
  49  7:11  Stalker x5  
  45  7:50  Dark Templar x4  
  40  8:19  Pylon  
  39  8:22  Pylon  
  39  8:25  Pylon  
  39  8:31  Pylon x2  
  39  8:33  Pylon  
  39  8:35  Pylon  
  39  8:36  Pylon x2  
  39  8:37  Pylon  
  39  8:38  Pylon  
  39  8:39  Pylon  
  39  8:40  Pylon  
  39  8:42  Pylon x2  
  39  8:43  Pylon  
  39  8:46  Pylon  
Tags
 
Add a new tag
Caveats
  • Supply blocks, unpowered buildings, or Contaminate may cause inaccurate times.
  • Supply counts are checked every 10 seconds.